AoeStats
← Pororoca

Oasis

508059484Analyzed
3v3 RM · 11d ago on Sep 20, 2026· 42m 55s· 6 players
Game mode
Random Map
Map size
Normal (6 player)
Population
200
Speed
Normal
Resources
Standard
Victory
Conquest
Starting age
Dark Age
Ending age
Imperial Age
RankedLock teamsTeams togetherTeam positionsShared explorationLock speedFull tech treeHidden civsTurbo modeCheats
Victory
Defeat
🇧🇷 Italians · Brazil
1504
+9
1242
+20
🇧🇷 Persians · Brazil
1184
+22
🇲🇽 Tatars · Mexico
1352
-18
🇦🇷 Britons · Argentina
1324
-17
🇬🇧 Japanese · United Kingdom
1314
-16
Pororoca
7:01 Loom
9:18 Feudal Age
9:52 Double-Bit Axe
16:24 Scale Barding Armor
16:29 Forging
21:38 Castle Age
19:48 Horse Collar
20:09 Gold Mining
22:39 Chain Barding Armor
21:51 Light Cavalry
32:47 Wheelbarrow
31:57 Town Watch
33:36 Gold Shaft Mining
39:04 Imperial Age
37:41 Stone Mining
38:47 Iron Casting
38:32 Heavy Plow
38:49 Hand Cart
38:35 Town Patrol
39:06 Cavalier
40:23 Plate Barding Armor
Ezemic
0:26 Loom
11:23 Feudal Age
21:11 Padded Archer Armor
22:03 Fletching
24:44 Wheelbarrow
28:50 Castle Age
29:20 Elite Skirmisher
30:04 Bodkin Arrow
30:41 Leather Archer Armor
36:14 Town Watch
44:14 Imperial Age
boluwatifeajibade
7:13 Loom
9:23 Feudal Age
9:49 Man-at-Arms
13:27 Double-Bit Axe
16:01 Horse Collar
16:46 Fletching
24:00 Castle Age
22:48 Padded Archer Armor
24:10 Crossbowman
24:55 Bodkin Arrow
26:32 Ballistics
29:08 Bow Saw
31:24 Thumb Ring
38:45 Imperial Age
40:04 Bracer
[Massa] Riacho Molhado
6:43 Loom
8:49 Feudal Age
9:18 Double-Bit Axe
12:42 Fletching
14:17 Padded Archer Armor
20:59 Wheelbarrow
24:42 Castle Age
23:07 Horse Collar
23:20 Gold Mining
24:42 Crossbowman
25:21 Bodkin Arrow
26:49 Leather Archer Armor
26:57 Bow Saw
27:50 Ballistics
29:15 Thumb Ring
41:51 Imperial Age
39:54 Heavy Plow
40:30 Gold Shaft Mining
39:46 Stone Mining
41:56 Arbalester
42:40 Bracer
43:38 Ring Archer Armor
44:23 Two-Man Saw
44:33 Chemistry
[Massa] Revenger
9:38 Feudal Age
7:54 Loom
10:36 Double-Bit Axe
24:54 Castle Age
24:18 Bloodlines
24:16 Scale Barding Armor
25:06 Forging
25:23 Husbandry
26:04 Chain Barding Armor
29:03 Wheelbarrow
33:31 Iron Casting
35:02 Bow Saw
36:23 Hand Cart
37:18 Horse Collar
41:30 Imperial Age
41:39 Cavalier
tg
6:19 Loom
8:18 Feudal Age
9:44 Loom
16:19 Fletching
20:02 Gold Mining
24:04 Castle Age
22:42 Horse Collar
22:58 Double-Bit Axe
23:43 Stone Mining
24:07 Crossbowman
25:12 Bodkin Arrow
25:18 Padded Archer Armor
27:00 Padded Archer Armor
28:11 Bow Saw
34:31 Ballistics
38:09 Imperial Age
37:57 Wheelbarrow
37:42 Leather Archer Armor
37:29 Heavy Plow
38:51 Bracer
39:35 Arbalester
40:20 Thumb Ring
41:50 Masonry
43:38 Chemistry
42:20 Treadmill Crane
Connection lost

Rejoining the realm…

Still unreachable

The connection could not be restored.

Session expired

The server has moved on; the page needs a fresh start.